 Dungeon Crawl Stone Soup version 0.31-a0-365-gcf821cafb2 (webtiles) character file.

Game seed: 1146475373828142740

95 freelancePsychic the Magician (level 4, -1/33 HPs)
             Began as a Mummy Wanderer on July 27, 2023.
             Slain by Grinder (2 damage)
             ... on level 3 of the Dungeon.
             The game lasted 00:03:50 (2948 turns).

freelancePsychic the Magician (Mummy Wanderer)      Turns: 2948, Time: 00:03:50

Health: -1/33      AC:  3    Str: 12    XL:     4   Next: 40%
Magic:  9/9        EV: 11    Int: 14    God:
Gold:   164        SH:  4    Dex: 13    Spells: 6/10 levels left

rFire   x . .        a - +0 dagger (spect)
rCold   + . .        d - +0 buckler
rNeg    + + +        c - +0 robe
rPois   ∞            (no helmet)
rElec   .            h - +0 cloak
rCorr   .            (no gloves)
SInv    .            (no boots)
Will    .....        (no amulet)
Stlth   +            (no ring)
HPRegen 0.25/turn    (no ring)
MPRegen 0.11/turn

%: faith
@: no status effects
A: cold resistance 1, negative energy resistance 3, torment resistance 2, heat
vulnerability 1, in touch with death 1, no potions, faith
a: no special abilities


You were on level 3 of the Dungeon.
You visited 1 branch of the dungeon, and saw 3 of its levels.

You collected 164 gold pieces.

Inventory:

Hand Weapons
 a - a +0 spectral dagger (weapon)
Armour
 c - a +0 robe (worn)
 d - a +0 buckler (worn)
 h - a +0 cloak (worn)
Scrolls
 e - a scroll of butterflies
 f - 3 scrolls of identify {@r1}
 g - a scroll of vulnerability


   Skills:
 + Level 2.3 Fighting
 - Level 1.0 Throwing
 - Level 1.0 Dodging
 - Level 1.0 Shields
 + Level 3.6 Spellcasting
 + Level 3.3 Hexes
 + Level 1.4 Summonings
 - Level 1.0 Evocations


You had 6 spell levels left.
You knew the following spells:

 Your Spells              Type           Power      Damage    Failure   Level
a - Slow                  Hex            44%        N/A       7%          1
b - Summon Guardian Gole  Hex/Summ       9%         N/A       32%         3

Your spell library contained the following spells:

 Spells                   Type           Power      Damage    Failure   Level
 Ensorcelled Hibernation  Hex/Ice        14%        N/A       22%         2
 Apportation              Tloc           4%         N/A       28%         1
 Dazzling Flash           Conj/Hex       14%        N/A       41%         3
 Stone Arrow              Conj/Erth      4%         3d7       65%         3
 Teleport Other           Tloc           2%         N/A       65%         3
 Volatile Blastmotes      Fire/Tloc      4%         2d10      65%         3
 Animate Armour           Summ/Erth      8%         N/A       91%         4
 Starburst                Conj/Fire      1%         6d3       100%        6
 Lehudib's Crystal Spear  Conj/Erth      1%         10d2      100%        8
 Maxwell's Capacitive Co  Air            1%         ∞         100%        8


Dungeon Overview and Level Annotations

Branches:
Dungeon (3/15)

Altars:
Hepliaklqana
Kikubaaqudgha
Nemelex Xobeh
Yredelemnul

Annotations:
D:3 3 runed translucent doors, Bediveer's ghost, amateur MeHu; Grinder; Terence


Innate Abilities, Weirdness & Mutations

You are immune to poison.
Your flesh is cold resistant. (rC+)
You are immune to negative energy. (rN+++)
You are immune to unholy pain and torment.
You are vulnerable to heat. (rF-)
You are in touch with the powers of death.
You do not drink.
You have a special connection with the divine. (Faith)


Message History

Your +0 spectral dagger hits Grinder but does no damage.
The vampire bat bites you.
* * * LOW HITPOINT WARNING * * *
The vampire bat barely misses you. The vampire bat bites your butterfly.
Your butterfly dies!
Your butterfly disappears in a burst of colours!
Grinder hits you but does no damage.
You hit Grinder.
Grinder is lightly wounded.
Your +0 spectral dagger hits Grinder but does no damage.
The vampire bat closely misses you.
The vampire bat closely misses your butterfly.
The vampire bat bites you.
* * * LOW HITPOINT WARNING * * *
Grinder hits you.
* * * LOW HITPOINT WARNING * * *
You hit Grinder but do no damage.
Grinder is lightly wounded.
Your +0 spectral dagger hits Grinder but does no damage.
The vampire bat bites your butterfly.
Your butterfly dies!
Your butterfly disappears in a burst of colours!
The vampire bat barely misses your butterfly.
The vampire bat closely misses you.
Your butterfly is engulfed in blazing flames.
Your butterfly dies!
Your butterfly disappears in a burst of colours!
The vampire bat misses your butterfly. Grinder closely misses you.
You hit Grinder.
Grinder is lightly wounded.
Your +0 spectral dagger barely misses Grinder.
The vampire bat closely misses you. The vampire bat bites you.
* * * LOW HITPOINT WARNING * * *
The vampire bat barely misses your butterfly.
Your butterfly is engulfed in blazing flames.
Your butterfly dies!
Your butterfly disappears in a burst of colours!
The vampire bat bites you but does no damage.
Grinder hits you.
You die...

#~~#~.~..#~~>####.##.#.#.#.#.#
#~.~~~~~#.#####'#.⌠.#.9b#.⌠b#
#~.~~~~~#.~~.#..'.°#.#.#.#.#.⌠.
###~....~~##~~...§§§#.b.#.⌠.#.. _
#.~~~._.~~.~#~...§'.b#.#.#.#.#.⌠
#8~####~##~8~....☼#.bb#.⌠.#.⌠.#..
####.~.~~~~##...bb##b#b#.#.#.#.#.
..~~~......~.~b.bb###.b.#.⌠.#(⌠.#
........#####...@.# #####[#.#.##
###..).## ###.5.## ##### ##...
##(..# #.# ##.# ##'## #.# #. #.#
#.# #. #.# #.# ##.## #.##
######...## ###..## ..........#
####.....#


You could see Grinder, 2 vampire bats and a friendly +0 spectral dagger.

Vanquished Creatures
  A howler monkey zombie (D:3)
  2 adders
  2 worms
  3 dart slugs
  4 bat skeletons (D:3)
  2 bat zombies (D:3)
  4 endoplasms (D:2)
  A giant cockroach (D:2)
  4 goblins (D:2)
  3 hobgoblins
  5 jackals
  2 kobolds (D:2)
  A quokka (D:3)
  4 ball pythons
  A ball python zombie (D:3)
  2 bats
  2 frilled lizards
  5 rats
  A spectral goblin (D:3)
49 creatures vanquished.

Vanquished Creatures (others)
  A bat skeleton (D:3)
1 creature vanquished.

Grand Total: 50 creatures vanquished

Notes
Turn   | Place    | Note
-------+----------+-------------------------------------------
     0 | D:1      | freelancePsychic the Mummy Wanderer began the quest for the
                  | Orb.
     0 | D:1      | freelancePsychic set off with the following items: a +0
                  | dagger, a scroll of fear, a +0 robe, a +0 buckler; and the
                  | following spells available to memorise: Slow, Ensorcelled
                  | Hibernation, Apportation, Summon Guardian Golem, Teleport
                  | Other.
     0 | D:1      | Reached XP level 1. HP: 15/15 MP: 4/4
   167 | D:1      | Learned a level 1 spell: Slow
   440 | D:1      | Reached XP level 2. HP: 21/21 MP: 1/5
  1272 | D:2      | Gained mutation: You are in touch with the powers of death.
                  | [Mummy growth]
  1272 | D:2      | Reached XP level 3. HP: 27/27 MP: 7/7
  1305 | D:2      | Reached skill level 1 in Summonings
  2010 | D:2      | Learned a level 3 spell: Summon Guardian Golem
  2408 | D:3      | Noticed Terence
  2498 | D:3      | Found a sparkling altar of Nemelex Xobeh.
  2507 | D:3      | Found a hazy altar of Hepliaklqana.
  2701 | D:3      | Found a runed translucent gate.
  2701 | D:3      | Found a runed translucent gate.
  2701 | D:3      | Found a runed translucent gate.
  2701 | D:3      | Noticed Bediveer's ghost (amateur MeHu)
  2704 | D:3      | Found a basalt altar of Yredelemnul.
  2715 | D:3      | Reached XP level 4. HP: 26/33 MP: 9/9
  2799 | D:3      | Found a faded altar of an unknown god.
  2916 | D:3      | Found an ancient bone altar of Kikubaaqudgha.
  2916 | D:3      | Noticed Grinder
  2948 | D:3      | HP: 1/33 [vampire bat (2)]
  2948 | D:3      | Slain by Grinder

Illustrated notes

Levels and vault maps discovered:
D:1:      moated_graveyard_arrival, layout_basic, nicolae_titane
D:2:      minmay_chambers_of_twos, layout_basic, chequers_arboretum,
          item_on_display_a
D:3:      layout_loops_corners, nicolae_yredelemnul_ghost_church,
          mainiacjoe_overflow_surrounded_room, kennysheep_vampire_church,
          lemuel_tele_altar, dreamdust_ecumenical_altar_drowned_temple,
          uniq_grinder, uniq_terence

Skill      XL: |  1  2  3 |
---------------+----------+-----
Spellcasting   | 3 |  3.6
Hexes          | 3 |  3.3
Summonings     | 1 |  1.4
Fighting       | 2 |  2.3
Throwing       | |  1.0
Dodging        | |  1.0
Shields        | |  1.0
Evocations     | |  1.0

Action                     |  1- 3 |  4- 6 || total
---------------------------+-------+-------++-------
  Melee: Dagger            |   170 |    47 ||   217
   Cast: Slow              |    15 |       ||    15
         Summon Guardian G |       |     1 ||     1
    Use: Scroll            |     4 |     2 ||     6
   Stab: Distracted        |     2 |     1 ||     3
 Armour: Robe              |    17 |    38 ||    55
  Dodge: Dodged            |    76 |    62 ||   138
  Block: Buckler           |    27 |    18 ||    45

Table legend: (Time is in decaauts)
 A = Elapsed time spent in this place.
 B = Non-inter-level travel time spent in this place.
 C = Inter-level travel time spent in this place.
 D = Time resting spent in this place.
 E = Time spent auto-exploring this place.
 F = Levels seen in this place.
 G = Mean time per level.
                   A        B        C        D        E       F      G
               +--------+--------+--------+--------+--------+-----+--------+
         Total |   2961 |   2916 |     45 |      0 |   2449 |   3 |  987.0 |
       Dungeon |   2961 |   2916 |     45 |      0 |   2449 |   3 |  987.0 |
               +--------+--------+--------+--------+--------+-----+--------+

Top non-repeatable levels by time:
     D:2: 1166 daAuts
     D:1: 930 daAuts
     D:3: 864 daAuts
